 Dungeon Crawl Stone Soup version 0.17-a0-671-g4330659 (webtiles) character file.

213 sugabear the Skirmisher (level 5, -1/28 HPs)
             Began as a Vine Stalker Fighter on Apr 18, 2015.
             Slain by Grinder (4 damage)
             ... on level 3 of the Dungeon.
             The game lasted 00:03:56 (2092 turns).

sugabear the Skirmisher (Vine Stalker Fighter)      Turns: 2092, Time: 00:03:56

Health: -1/28      AC:  8    Str: 18    XL:     5   Next: 90%
Magic:  0/6        EV:  7    Int:  8    God:
Gold:   79         SH:  9    Dex: 15    Spells: 0 memorised, 4 levels left

rFire  . . .     SeeInvis .     a - +0 long sword
rCold  . . .     Clarity  .     b - +0 scale mail
rNeg   . . .     SustAb   .     c - +0 shield
rPois  .         Gourm    .     k - +1 hat
rElec  .         Spirit   +     (no cloak)
rCorr  .         Warding  .     (no gloves)
rMut   .         Stasis   .     (no boots)
MR     .....                    (no amulet)
Stlth  +.........               (no ring)
                                (no ring)

@: not resistant to hostile enchantments, very unstealthy
A: fangs 2, regeneration 1, shaggy fur 1, magic shield, antimagic bite, no
device heal 3, rot immunity
a: no special abilities


You were on level 3 of the Dungeon.
You were not hungry.

You visited 1 branch of the dungeon, and saw 3 of its levels.

You collected 79 gold pieces.

Inventory:

Hand weapons
 a - a +0 long sword (weapon)
 t - a +3 rapier
Armour
 b - a +0 scale mail (worn)
 c - a +0 shield (worn)
 k - a +1 hat (worn)
Jewellery
 y - an uncursed ring of fire {unknown}
Magical devices
 x - a wand of slowing (4)
Scrolls
 f - 2 scrolls of identify {unknown}
 h - a scroll of magic mapping {unknown}
 i - 3 scrolls of teleportation {unknown}
 m - a scroll of enchant weapon {unknown}
 n - a scroll of recharging {unknown}
 o - a scroll of remove curse {unknown}
 q - a scroll of fog {unknown}
 s - a scroll of blinking {unknown}
 u - a scroll of noise {unknown}
Potions
 e - a potion of might
 l - a potion of curing {unknown}
 p - a potion of haste {unknown}
 r - a potion of lignification {unknown}
 v - a potion of cure mutation {unknown}
 w - 3 potions of brilliance {unknown}
 z - a potion of invisibility {unknown}
Comestibles
 d - 2 bread rations
 g - 6 fruits
 j - 4 meat rations


   Skills:
 + Level 3.6 Fighting
 + Level 2.3 Long Blades
 + Level 3.4 Armour
 + Level 1.2 Dodging
 * Level 2.5 Stealth
 + Level 3.1 Shields


You had 4 spell levels left.
You didn't know any spells.

Dungeon Overview and Level Annotations

Branches:
Dungeon (3/15)

Altars:
Makhleb

Annotations:
D:3 Grinder


Innate Abilities, Weirdness & Mutations

You have extremely sharp teeth.
Your natural rate of healing is unusually fast.
You are covered in fur (AC +1).
When hurt, damage is shared between your health and your magic reserves.
Your bite disrupts and absorbs the magic of your enemies.
Potions and wands cannot restore your health.
You are immune to rotting.


Message History

Grinder barely misses you.
You hit Grinder. You bite Grinder.
Grinder's magic leaks into the air.
You drain his magic.
You feel invigorated.
Grinder is moderately wounded.
The bat hits you but does no damage.
Grinder gestures.
Grinder blinks!
The bat hits you but does no damage. You block the bat's attack.
You closely miss Grinder.
Grinder is moderately wounded.
The bat hits you but does no damage. You block the bat's attack.
Grinder hits you.
* * * LOW HITPOINT WARNING * * *
You writhe in agony.
* * * LOW HITPOINT WARNING * * *
You block the bat's attack. Grinder barely misses you.
You hit Grinder but do no damage. Your bite misses Grinder.
Grinder is moderately wounded.
You block the bat's attack. The bat barely misses you. Grinder hits you.
You die...

. ##))### ....
###....#### .....
#######.........#
...............[....##..#
#...... ####............
#.....o #.###########
#...... ###.#
##.....o#####...#
......ooob@5..###
.......######## .....
####


You could see Grinder, 4 orcs and a bat.

Vanquished Creatures
  A hound (D:2)
  Natasha (thrice) (D:2)
  6 adders (D:2)
  A white imp (D:2)
  2 oozes (D:2)
  A worm (D:2)
  5 giant geckos
  5 orcs (D:3)
  4 bats
  8 hobgoblins
  10 kobolds
  2 quokkas (D:2)
  4 giant newts
  9 goblins
  4 jackals (D:2)
  10 rats
75 creatures vanquished.

Notes
Turn   | Place    | Note
--------------------------------------------------------------
     0 | D:1      | sugabear, the Vine Stalker Fighter, began the quest for the Orb.
     0 | D:1      | Reached XP level 1. HP: 11/11 MP: 2/2
   108 | D:1      | Reached skill level 1 in Stealth
   142 | D:1      | Reached XP level 2. HP: 11/16 MP: 3/3
   361 | D:1      | Reached skill level 3 in Fighting
   418 | D:1      | Reached XP level 3. HP: 20/20 MP: 4/4
   795 | D:2      | Reached XP level 4. HP: 4/24 MP: 5/5
  1152 | D:2      | Noticed Natasha
  1157 | D:2      | Killed Natasha
  1510 | D:2      | Reached skill level 1 in Dodging
  1527 | D:2      | Reached XP level 5. HP: 25/28 MP: 6/6
  1594 | D:2      | Noticed Natasha
  1609 | D:2      | Killed Natasha
  1731 | D:2      | Found a burning altar of Makhleb.
  1799 | D:2      | Noticed Natasha
  1816 | D:2      | Killed Natasha
  2076 | D:3      | Noticed Grinder
  2092 | D:3      | Slain by Grinder

Action                   |  1- 3 |  4- 6 || total
-------------------------+-------+-------++-------
Melee: Long sword        |    87 |   161 ||   248
  Eat: Chunk             |       |     4 ||     4
